 Dungeon Crawl Stone Soup version 0.29.1-2-gbd0b4ee654 (webtiles) character file.

Game seed: 3347086422683428709

503 zeram the Caller (level 6, -7/53 HPs)
             Began as a Troll Summoner on Nov 7, 2022.
             Was an Initiate of Gozag.
             Mangled by a gnoll
             ... wielding a +0 halberd
              (8 damage)
             ... on level 5 of the Dungeon.
             The game lasted 00:08:13 (4457 turns).

zeram the Caller (Troll Summoner)                   Turns: 4457, Time: 00:08:15

Health: -7/53      AC:  5    Str: 17    XL:     6   Next: 96%
Magic:  8/8        EV: 10    Int: 13    God:    Gozag
Gold:   251        SH:  0    Dex: 10    Spells: 3/9 levels left

rFire   . . .      SeeInvis .   g - +0 mace (vorpal)
rCold   . . .      Faith    .   (no shield)
rNeg    . . .      Spirit   .   a - +0 robe
rPois   .          Reflect  .   (helmet restricted)
rElec   .          Harm     .   p - +0 cloak
rCorr   .          Rampage  .   (gloves unavailable)
Will    .....                   (boots unavailable)
Stlth   ++........              (no amulet)
HPRegen 0.97/turn               (no ring)
MPRegen 0.11/turn               (no ring)

@: gold aura
A: large, unfitting armour, claws 3, regeneration 1, shaggy fur 1, tough skin 1
a: Renounce Religion, Potion Petition, Call Merchant, Bribe Branch


You were on level 5 of the Dungeon.
You worshipped Gozag.
Gozag was aware of your devotion.
You visited 1 branch of the dungeon, and saw 5 of its levels.

You collected 353 gold pieces.
You paid 102 gold pieces to Gozag.

Inventory:

Hand Weapons
 d - a +0 whip
 g - a +0 vorpal mace (weapon)
Missiles
 f - 3 throwing nets
Armour
 a - a +0 robe (worn)
 p - a +0 cloak (worn)
Jewellery
 t - a ring of poison resistance
Wands
 r - a wand of paralysis (8)
Scrolls
 n - a scroll of teleportation
 q - a scroll of identify
Potions
 b - a potion of magic
 c - a potion of haste
 e - 2 potions of brilliance
 h - a potion of might
 i - 2 potions of attraction {unknown}
 j - a potion of berserk rage {unknown}
 k - 3 potions of curing
 l - a potion of mutation {unknown}
 m - a potion of heal wounds {unknown}
 o - a potion of lignification {unknown}
 s - a potion of invisibility {unknown}


   Skills:
 + Level 3.3 Maces & Flails
 + Level 3.1 Dodging
 - Level 1.4 Stealth
 * Level 2.0 Spellcasting
 * Level 4.2 Summonings


You had 3 spell levels left.
You knew the following spells:

 Your Spells              Type           Power      Damage    Failure   Level
a - Summon Small Mammal   Summ           48%        N/A       4%          1
b - Call Imp              Summ           12%        N/A       7%          2
c - Call Canine Familiar  Summ           12%        N/A       13%         3

Your spell library contained the following spells:

 Spells                   Type           Power      Damage    Failure   Level
 Summon Guardian Golem    Hex/Summ       6%         N/A       32%         3
 Summon Lightning Spire   Summ/Air       6%         N/A       71%         4


Dungeon Overview and Level Annotations

Branches:
Dungeon (5/15)
 Temple: D:4-7

Altars:
Gozag
Nemelex Xobeh
Okawaru
Qazlal
Yredelemnul


Innate Abilities, Weirdness & Mutations

You are too large for most types of armour.
You have claws for hands.
Your natural rate of healing is unusually fast.
You are covered in fur. (AC +1)
You have tough skin. (AC +1)


Message History

A gnoll comes into view. It is wielding a +0 club.
There are monsters nearby!
There are monsters nearby!
There are monsters nearby!
A gnoll comes into view.
It is wielding a +0 flail. 2 gnolls come into view.
The gnoll shouts!
The gnoll shouts!
You hit the shadow imp but do no damage.
The gnoll hits you with a +0 flail. The shadow imp closely misses you.
The gnoll is distracted by your dazzling golden aura.
You closely miss the shadow imp. The gnoll closely misses you.
The shadow imp closely misses you.
You barely miss the shadow imp.
The gnoll is no longer distracted by gold.
The shadow imp hits you. The gnoll barely misses you.
You barely miss the shadow imp. The gnoll closely misses you.
The shadow imp gestures at you. Pain shoots through your body!
The shadow imp misses you. The gnoll hits you with a +0 flail.
You closely miss the shadow imp. The gnoll hits you with a +0 flail!
The shadow imp puffs mist at you. The shadow imp hits you.
You hit the shadow imp.
The shadow imp is heavily wounded.
The gnoll hits you with a +0 flail! The shadow imp hits you.
* * * LOW HITPOINT WARNING * * *
The gnoll hits you from afar with a +0 halberd!
* * * LOW HITPOINT WARNING * * *
You are too injured to fight recklessly!
You are too injured to fight recklessly!
Unknown command.
Okay, then.
You feel better. The gnoll hits you with a +0 flail!
* * * LOW HITPOINT WARNING * * *
The shadow imp hits you.
* * * LOW HITPOINT WARNING * * *
The gnoll hits you from afar with a +0 halberd!
You die...
Your body crumbles into a pile of gold.

.#...# .##.##
.......# ....
.##.# ......# ....
###'# .....# .....
###.# ....# .....
....# ...#......
###.# ..#g.....
#.# #5gg..... #.#
#@# #.#
##########.######
#.#
#.................
#.#
#.##########.###..
###.# #.# ...
....# #.# ##.
##### #.# # #.#
#.#


You could see 3 gnolls and a shadow imp.

Vanquished Creatures
  2 vampire bats (D:4)
  2 hounds
  A jelly (D:4)
  An iguana (D:4)
  An orc wizard (D:2)
  A gnoll (D:3)
  6 adders
  An ufetubus (D:5)
  A worm (D:3)
  3 dart slugs
  6 orcs
  4 endoplasms
  5 giant cockroaches
  10 goblins
  6 hobgoblins
  4 jackals (D:4)
  2 quokkas
  5 ball pythons
  10 bats
  6 frilled lizards
  7 kobolds
  5 rats
89 creatures vanquished.

Vanquished Creatures (collateral kills)
  Crazy Yiuf (D:3)
  Jessica (D:2)
  An orc wizard (D:3)
  3 gnolls
  3 orcs
  An endoplasm (D:3)
10 creatures vanquished.

Grand Total: 99 creatures vanquished

Notes
Turn   | Place    | Note
-------+----------+-------------------------------------------
     0 | D:1      | zeram the Troll Summoner began the quest for the Orb.
     0 | D:1      | Reached XP level 1. HP: 16/16 MP: 1/1
    47 | D:1      | Reached skill level 3 in Summonings
   360 | D:1      | Reached XP level 2. HP: 22/24 MP: 2/2
   858 | D:1      | Learned a level 2 spell: Call Imp
   885 | D:2      | Noticed Jessica
   893 | D:2      | Killed Jessica
   894 | D:2      | Reached XP level 3. HP: 13/31 MP: 0/3
   972 | D:2      | Reached skill level 1 in Maces & Flails
  1062 | D:2      | Reached XP level 4. HP: 30/39 MP: 4/4
  1121 | D:2      | Found a faded altar of an unknown god.
  1178 | D:2      | Found a sparkling altar of Nemelex Xobeh.
  2127 | D:3      | Reached XP level 5. HP: 45/45 MP: 6/6
  2496 | D:3      | Learned a level 3 spell: Call Canine Familiar
  2632 | D:3      | Found a runed translucent door.
  2633 | D:3      | Noticed Crazy Yiuf
  2857 | D:3      | Killed Crazy Yiuf
  3066 | D:4      | Reached skill level 4 in Summonings
  3066 | D:4      | Reached XP level 6. HP: 27/53 MP: 3/7
  3960 | D:4      | Found an opulent altar of Gozag.
  4232 | D:4      | Became a worshipper of Gozag Ym Sagoz the Greedy
  4291 | D:5      | Entered Level 5 of the Dungeon
  4352 | D:5      | Found a basalt altar of Yredelemnul.
  4358 | D:5      | Found an iron altar of Okawaru.
  4361 | D:5      | Found a stormy altar of Qazlal.
  4457 | D:5      | HP: 1/53 [shadow imp (3)]
  4457 | D:5      | Mangled by a gnoll

Illustrated notes

Levels and vault maps discovered:
D:1:      evilmike_arrival_hilbert_curve, layout_basic
D:2:      layout_loops_ring, basic_altar, chequers_ecumenical_altar_simple,
          uniq_jessica
D:3:      layout_basic, uniq_crazy_yiuf_cottage
D:4:      kennysheep_six_static_rooms, layout_layer_cave,
          nicolae_gozag_cash_rules_everything_around_me, roderic_batcave
D:5:      layout_basic, minmay_overflow_temple_star_quad,
          nemelex_dance_club_becter, grunt_ministairs_1, minivault_25,
          uniq_grinder, uniq_ijyb

Skill      XL: |  1  2  3  4  5  6 |
---------------+-------------------+-----
Summonings     | 3 4 |  4.2
Maces & Flails | 1 2 3 |  3.3
Dodging        | 2 3 |  3.1
Spellcasting   | 2 |  2.0
Stealth        | |  1.4

Action                   |  1- 3 |  4- 6 || total
-------------------------+-------+-------++-------
Melee: Whip              |    55 |       ||    55
       Unarmed           |    14 |       ||    14
       Mace              |    26 |   270 ||   296
       Punch             |     1 |     3 ||     4
 Cast: Call Imp          |     2 |    13 ||    15
       Call Canine Famil |       |     1 ||     1
  Use: Scroll            |     2 |     8 ||    10
       Potion            |       |     1 ||     1
 Stab: Sleeping          |     1 |     7 ||     8
       Distracted        |       |     2 ||     2
Armor: Robe              |    39 |   130 ||   169
Dodge: Dodged            |    54 |   174 ||   228
